Unix NetHack Version 5.0.0-0 post-release - last build Jun 10 2026 00:39:30 (3ee93aec679c4c4259841fe613dc97188e26a321,branch:main).

Game began 2026-07-10 20:03:05, ended 2026-07-10 21:04:34.

DaveT, lawful male human Priest

                            -------     -------
                            |.h.o.|--   |..|.>|
                            |..o..+.|   |.....|
                          --|v.e..|-|   |.--.---
                          |.%.....+.|  --.|....----
                          |@|.....|-| --..|.......|
                          |.|.....+.| |...|---....|
                          |%|.....|-- |...|..|....|
                          |.|------   |..%|.......|
                          |.|        --......|[...--
                          |.|        |....|..|.....|
                          |.|        |....|--|`....|
                          |.|        |`..--  --.|..|
                          |.|        -----    |.----
                          |.-------------------).|
                          |.........%%..%.[.%%)..|
                          ------------------------

DaveT the Adept              St:25 Dx:11 Co:18 In:11 Wi:17 Ch:7  Lawful
Dlvl:4  $:105 HP:0(86) Pw:154(154) AC:0  Xp:9 T:10577  Burdened

Latest messages:
 The ogre hits!
 You hit the ogre!
 You hit the ogre!
 The ogre swings her club.
 The ogre hits!
 You kill the ogre!
 The orc mummy picks up 749 gold pieces.
 You hit the quantum mechanic!
 The orc mummy picks up 58 gold pieces.
 The quantum mechanic hits!
 You are not affected.
 You miss the quantum mechanic.
 The quantum mechanic hits!
 You are not affected.
 You miss the quantum mechanic.
 The quantum mechanic hits!
 Your position suddenly seems very uncertain!
 A mysterious force prevents you from teleporting!
 What do you want to drink? [ruvz or ?*] ?
 You feel better.
 The quantum mechanic hits!
 Your position suddenly seems very uncertain!
 A mysterious force prevents you from teleporting!
 You hit the quantum mechanic!
 The quantum mechanic hits!
 You are not affected.
 You hit the quantum mechanic!
 The quantum mechanic misses!
 You hit the quantum mechanic!
 The quantum mechanic turns to flee.
 You kill the quantum mechanic!
 The Grey-elf picks up a club.
 You hit the Grey-elf!
 The Grey-elf wields a club!
 You hit the Grey-elf!
 The Grey-elf swings his club.
 The Grey-elf misses!
 You kill the Grey-elf!
 The orc-captain wakes up!
 The orc-captain picks up 244 gold pieces.
 The shocking sphere explodes!
 Boom!
 The ice vortex is caught in the shocking sphere's explosion!
 You are caught in the shocking sphere's explosion!
 Your ring called invisibility turns to dust and vanishes!
 Your ring of adornment pulsates momentarily, then explodes!
 Your wand of magic missile breaks apart and explodes!
 The shocking sphere's explosion is fatal.
 Do you want your possessions identified? [ynq] (y) y
 Do you want to see your attributes? [ynq] (y) q

Inventory:
 Coins    ('$')
  $ - 105 gold pieces
 Weapons  (')')
  N - 3 +3 darts
  T - 5 blessed +0 daggers
  G - a +0 aklys
  a - a blessed corroded +1 mace (weapon in right hand)
 Armor    ('[')
  m - a +0 orcish helm (being worn)
  n - a rustproof +0 pair of gauntlets of power (being worn)
  P - a +0 pair of kicking boots
  y - a +0 shield of reflection (being worn)
  p - a +0 mummy wrapping
  b - a blessed +0 robe (being worn)
  x - a blessed +1 Hawaiian shirt with a palm tree motif (being worn)
  F - a +0 studded leather armor (being worn)
 Comestibles  ('%')
  Q - 2 slime molds
  A - 2 carrots
  e - 2 cloves of garlic
  o - 6 food rations
  s - 2 lembas wafers
  B - 2 oranges
  f - a sprig of wolfsbane
  j - 2 lizard corpses
 Scrolls  ('?')
  c - 2 scrolls of blank paper
  E - 2 scrolls of earth
 Spellbooks  ('+')
  g - a spellbook of jumping
 Potions  ('!')
  z - a cursed potion of full healing
  u - 3 potions of healing
  v - a potion of levitation
  r - 2 potions of water
 Rings    ('=')
  I - a cursed ring of aggravate monster
  h - a cursed ring of hunger
  R - a ring of teleport control
 Wands    ('/')
  w - a wand of create monster (0:12)
  d - a wand of fire (0:7)
  t - a wand of lightning (0:7)
  M - a wand of magic missile (0:8)
  C - a wand of magic missile (0:4)
  S - a wand of magic missile (0:4)
  k - a wand of secret door detection (0:9)
  D - a wand of sleep (0:2)
  Y - a wand of teleportation (0:5)
  J - a wand of teleportation (0:3)
 Tools    ('(')
  H - a sack containing 16 items
  L - a blindfold
  l - an oil lamp
  O - an oil lamp
  U - a +0 pick-axe
  q - a skeleton key
 Gems/Stones  ('*')
  K - a luckstone

Contents of the sack:
  1200 gold pieces
  45 +0 darts
  10 +0 daggers
  a cram ration
  a lichen corpse
  a cursed scroll of scare monster
  2 potions of holy water
  a ring of fire resistance
  a wand of create monster (0:12)
  a wand of digging (0:7)
  a wand of digging (0:6)
  a blessed wand of light (0:10)
  a wooden harp
  a tallow candle
  a partly used tallow candle
  a towel

DaveT the Priest's attributes:

Background:
 You were an Adept, a level 9 human Priest.
 You were lawful, on a mission for Blind Io
 who was opposed by The Lady (neutral) and Offler (chaotic).
 You were right-handed.
 You were in Sokoban, on level 4.
 You entered the dungeon 10577 turns ago.
 You had 4623 experience points, 497 more were needed to attain level 10.

Basics:
 You had 0 out of 86 hit points.
 You had all 154 energy points (spell power).
 Your armor class was 0.
 Your wallet contained 105 zorkmids, and
 you had 1200 more stashed away in your pack.
 Autopickup was off.

Final Characteristics:
 Your strength was 25 (base:7, peak:8, innate limit:18/100).
 Your dexterity was 11 (peak:12, limit:18).
 Your constitution was 18 (limit:18).
 Your intelligence was 11 (limit:18).
 Your wisdom was 17 (limit:18).
 Your charisma was 7 (peak:10, limit:18).

Final Status:
 You weren't hungry.
 You were burdened; movement was slightly slowed.
 You were wielding a mace.
 You had basic skill with mace and could have enhanced that.

Final Attributes:
 You were piously aligned.
 You were telepathic.
 You were guarded.
 Your spell casting was enhanced by wearing a robe.
 You were fast.
 You had reflection.
 You were lucky.
 You had extra luck.
 Bad luck did not time out for you.
 Good luck did not time out for you.
 You are dead.

Miscellaneous:
 You didn't encounter any bones levels.
 Total elapsed playing time was 1 hour, 1 minute and 28 seconds.

Major events:
 Turn
    1: DaveT the lawful human Priest entered the dungeon
  927: entered the Gnomish Mines
  954: attained the rank of Acolyte (level 3)
 1698: attained the rank of Adept (level 6)
 2169: reached Mine Town
 7917: entered Sokoban
 8689: completed 2nd Sokoban level
 9406: completed 3rd Sokoban level
10416: completed 4th Sokoban level
10577: killed by a shocking sphere's explosion

Spells:
 Name                 Level Category     Fail Retention
 protection             1   clerical      77%   41%-50%
 cure sickness          3   healing       99%    (gone)
 jumping                1   escape        77%  76%-100%

Skills:
 Fighting Skills
   bare handed combat [Unskilled]
 Weapon Skills
   club               [Unskilled]
   mace               [Basic]
   morning star       [Unskilled]
   flail              [Unskilled]
   hammer             [Unskilled]
   quarterstaff       [Unskilled]
   polearms           [Unskilled]
   spear              [Unskilled]
   trident            [Unskilled]
   lance              [Unskilled]
   bow                [Unskilled]
   sling              [Unskilled]
   crossbow           [Unskilled]
   dart               [Unskilled]
   shuriken           [Unskilled]
   boomerang          [Unskilled]
   unicorn horn       [Unskilled]
 Spellcasting Skills
   healing spells     [Unskilled]
   divination spells  [Unskilled]
   clerical spells    [Basic]

Voluntary challenges:
 Character rerolling was not enabled.
 You never genocided any monsters.
 You never polymorphed an object.
 You never changed form.
 You used no wishes.
 You did not violate any of the special Sokoban rules.
Achievements:
 You entered a shop.
 You entered the Gnomish Mines.
 You attained the rank of Acolyte.
 You attained the rank of Adept.
 You entered Minetown.
 You entered a temple.
 You entered Sokoban.

 The Dungeons of Doom: levels 1 to 8
    Level 1:
    Level 2: "vault"
       An armor shop, a fountain.
    Level 3:
       A weapon shop, a fountain.
       Stairs down to The Gnomish Mines.
    Level 4:
       A fountain, a sink.
    Level 5:
       A general store, a fountain.
    Level 6:
       A grave.
    Level 7:
       Some fountains.
       Oracle of Delphi.
    Level 8:
       Stairs up to Sokoban, level 7.
 The Gnomish Mines: levels 4 to 7
    Level 4:
    Level 5:
    Level 6:
       Many shops, a temple and an altar, some fountains.
    Level 7:
 Sokoban: levels 7 up to 4
    Level 4: <- You were here.
       Solved.
       Final resting place for
          you, killed by a shocking sphere's explosion.
    Level 5:
       Solved.
    Level 6:
       Solved.
    Level 7:
       Unsolved.


Vanquished creatures:
  2 giant mimics
  a warg
  3 small mimics
  a quantum mechanic
  a sasquatch
  2 large dogs
  a shocking sphere
 an ochre jelly
 an elf mummy
  a Grey-elf
  2 giant beetles
  a quivering blob
  2 cockatrices
  3 wolves
  5 winter wolf cubs
  3 leprechauns
  2 orc-captains
  a mumak
  a giant spider
  a black light
  2 gnome rulers
 an ogre
  a Green-elf
  2 lizards
  a dog
  3 housecats
  5 jaguars
  2 dust vortices
  4 ravens
  a snake
  4 apes
  a human zombie
  a rope golem
  a soldier ant
  a fire ant
 an imp
  2 wood nymphs
  a water nymph
  3 Uruk-hai
  a rock piercer
  2 ponies
  2 yellow lights
  2 shriekers
  a violet fungus
  6 gnome leaders
  3 gnomish wizards
  a kobold mummy
  a black naga hatchling
  a gray ooze
  4 elf zombies
  a ghoul
  a straw golem
 15 giant ants
  5 floating eyes
 10 dwarves
  3 homunculi
  a kobold shaman
 15 hill orcs
  5 rothes
  a rabid rat
  2 monkeys
  4 dwarf zombies
  2 wererats
  5 acid blobs
  a coyote
  2 large kobolds
  a hobgoblin
  3 cave spiders
  2 brown molds
  4 yellow molds
  a green mold
 27 gnomes
  a gnome zombie
  6 geckos
 11 jackals
  2 foxes
  6 kobolds
  2 goblins
  8 grid bugs
  5 lichens
  a kobold zombie
  7 newts
256 creatures vanquished.

No species were genocided or became extinct.

Game over:
                       ----------
                      /          \
                     /    REST    \
                    /      IN      \
                   /     PEACE      \
                  /                  \
                  |      DaveT       |
                  |     1305 Au      |
                  |   killed by a    |
                  |     shocking     |
                  |     sphere's     |
                  |    explosion     |
                  |       2026       |
                 *|     *  *  *      | *
        _________)/\\_//(\/(/\)/\//\/|_)_______

Goodbye DaveT the Priest...

You died in Sokoban on dungeon level 4 with 20227 points,
and 1305 pieces of gold, after 10577 moves.
You were level 9 with a maximum of 86 hit points when you died.

